 Dungeon Crawl Stone Soup version 0.23-a0-619-g281719c (webtiles) character file.

164 zishaf the Grasshopper (level 5, -2/49 HPs)
             Began as a Naga Warper on Dec 23, 2018.
             Killed from afar by an orc wizard (4 damage)
             ... with a magic dart
             ... on level 4 of the Dungeon.
             The game lasted 00:06:05 (3312 turns).

zishaf the Grasshopper (Naga Warper)                Turns: 3312, Time: 00:06:06

Health: -2/49      AC:  3    Str: 12 (13) XL:     5   Next: 45%
Magic:  8/8        EV:  9    Int: 13 (14) God:
Gold:   115        SH:  3    Dex:  9 (11) Spells: 1/8 levels left

rFire    + . .     SeeInvis +   a - +0 hand axe
rCold    + . .     Gourm    .   o - +0 buckler
rNeg     . . .     Faith    .   b - +0 leather armour
rPois    +         Spirit   .   (no helmet)
rElec    +         Reflect  .   (no cloak)
rCorr    +         Harm     .   (no gloves)
MR       .....                  (no barding)
Stlth    +.........             (no amulet)
HPRegen  0.16/turn              (no ring)
MPRegen  0.11/turn              (no ring)

@: resistant, very slightly contaminated, invisible, very slow
A: large, see invisible, deformed body, poison resistance, slowness 2, slow
metabolism 1, spit poison 1, AC +1
a: Spit Poison


You were on level 4 of the Dungeon.
You were not hungry.

You visited 1 branch of the dungeon, and saw 4 of its levels.

You collected 115 gold pieces.

Inventory:

Hand Weapons
 a - a +0 hand axe (weapon)
Missiles
 c - 52 stones
 e - 3 tomahawks of dispersal (quivered)
 r - 8 tomahawks
Armour
 b - a +0 leather armour (worn)
 o - a +0 buckler (worn)
Wands
 u - a wand of random effects (20)
Scrolls
 d - a scroll of blinking
 h - 3 scrolls of teleportation {unknown}
 j - 2 scrolls of random uselessness {unknown}
 k - 4 scrolls of remove curse {unknown}
 l - a scroll of magic mapping {unknown}
 m - 2 scrolls of identify {unknown}
 s - a scroll of enchant weapon {unknown}
Potions
 g - a potion of agility {unknown}
 p - 2 potions of brilliance {unknown}
 t - a potion of mutation {unknown}
Comestibles
 f - 7 rations


   Skills:
 + Level 3.0 Fighting
 + Level 3.0 Axes
 - Level 1.0 Throwing
 - Level 1.0 Armour
 - Level 2.0 Dodging
 + Level 1.2 Shields
 - Level 2.0 Spellcasting
 + Level 1.8 Charms
 + Level 3.5 Translocations


You had one spell level left.
You knew the following spells:

 Your Spells              Type           Power        Failure   Level  Hunger
a - Blink                 Tloc           N/A          16%         2    ###....
b - Shroud of Golubria    Chrm/Tloc      #.........   22%         2    ###....
c - Teleport Other        Tloc           ##......     30%         3    ####...

Your spell library contained the following spells:

 Spells                   Type           Power        Failure   Level  Hunger
 Apportation              Tloc           ##....       10%         1    ##.....
 Animate Skeleton         Necr           N/A          38%         1    ##.....
 Confusing Touch          Hex            #.....       38%         1    ##.....
 Summon Small Mammal      Summ           #...         38%         1    ##.....
 Gell's Gravitas          Tloc           ##........   30%         3    ####...
 Lesser Beckoning         Tloc           ##........   30%         3    ####...
 Passage of Golubria      Tloc           N/A          69%         4    #####..


Dungeon Overview and Level Annotations

Branches:
Dungeon (4/15)
 Temple: D:4-7

Altars:
Hepliaklqana


Innate Abilities, Weirdness & Mutations

You cannot wear boots.
Your serpentine skin is tough. (AC +1)
You have supernaturally acute eyesight. (SInv)
Armour fits poorly on your strangely shaped body.
Your system is resistant to poisons. (rPois)
You cover ground very slowly.
You have a slow metabolism.
You can spit poison.


Message History

The orc wizard is lightly wounded.
You feel slightly more hungry. The orc wizard casts a spell at you.
The magic dart hits you!
* * * LOW HITPOINT WARNING * * *
It was a potion of resistance.
You feel protected.
The orc wizard hits you with a +0 dagger.
* * * LOW HITPOINT WARNING * * *
It was a potion of invisibility.
You fade into invisibility!
You block the orc wizard's attack.
You are very lightly contaminated with residual magic.
It was a potion of degeneration.
There was something very wrong with that liquid.
You feel weakened.
You feel dopey.
You feel clumsy.
You have got your breath back.
The orc wizard gestures at you while chanting.
The magic dart hits you!
You die...

....#...#..........
....#####..........
..........#'########.
..........#..........
..........#.......##
..........#...##..#
..........#...###+#
..........+.......#
..........######@.# #+##
#+###+##.......#o##...!#
......os......+
..............#
..............#
................
######..........
#.......... #..........


You could see an orc wizard, an orc and a giant cockroach.

Vanquished Creatures
  An orc priest (D:4)
  Jessica (D:2)
  A hound zombie (D:2)
  A hound skeleton (D:4)
  3 adders
  2 adder zombies (D:2)
  A worm (D:2)
  4 bats (D:2)
  A bat skeleton (D:2)
  A bat zombie (D:2)
  A giant cockroach (D:2)
  8 goblins
  4 hobgoblins
  3 jackals (D:3)
  A quokka (D:2)
  2 frilled lizards
  A giant cockroach zombie (D:2)
  6 kobolds
  6 rats
48 creatures vanquished.

Notes
Turn   | Place    | Note
-------+----------+-------------------------------------------
     0 | D:1      | zishaf the Naga Warper began the quest for the Orb.
     0 | D:1      | Reached XP level 1. HP: 19/19 MP: 3/3
   109 | D:1      | Reached skill level 1 in Throwing
   321 | D:1      | Reached skill level 1 in Armour
   445 | D:1      | Reached XP level 2. HP: 26/26 MP: 5/5
   943 | D:2      | Learned a level 2 spell: Blink
   946 | D:2      | Learned a level 2 spell: Shroud of Golubria
  1384 | D:2      | Reached XP level 3. HP: 21/33 MP: 6/6
  1845 | D:2      | Noticed Jessica
  1855 | D:2      | Killed Jessica
  1894 | D:2      | Reached skill level 1 in Charms
  1920 | D:2      | Reached XP level 4. HP: 37/40 MP: 7/7
  2041 | D:2      | Learned a level 3 spell: Teleport Other
  2985 | D:3      | Reached skill level 1 in Shields
  2985 | D:3      | Reached XP level 5. HP: 29/48 MP: 8/8
  3127 | D:3      | Found a hazy altar of Hepliaklqana.
  3209 | D:4      | Noticed an ogre
  3310 | D:4      | HP: 1/49 [orc wizard/+0 dagger (3)]
  3312 | D:4      | Killed from afar by an orc wizard

Vault maps used:
D:1:      dpeg_arrival_orchard, serial_bayou, serial_bayou_lagoon_a,
          serial_bayou_ford_a, serial_bayou_shore_b, serial_bayou_pond_d
D:2:      first_ration, serial_undead, serial_undead_e, serial_undead_d,
          serial_undead_e, serial_undead_e, uniq_jessica
D:3:      marbit_many_paths, serial_corexii_hall, corexii_hall_statues_u,
          corexii_hall_statues_x, corexii_hall_statues_l,
          chequers_hall_statues_wall_a, lightli_corner_chamber
D:4:      elyvilon_altar_5, serial_shops, shop_fountains, kennysheep_little_box,
          kennysheep_mini

Skill      XL: |  1  2  3  4  5 |
---------------+----------------+-----
Throwing       | 1 |  1.0
Armour         | 1 |  1.0
Dodging        | 2 |  2.0
Charms         | 1 |  1.8
Shields        | 1 |  1.2
Fighting       | 3 |  3.0
Axes           | 3 |  3.0
Spellcasting   | |  2.0
Translocations | |  3.5

Action                   |  1- 3 |  4- 6 || total
-------------------------+-------+-------++-------
Melee: Hand axe          |    86 |    68 ||   154
Throw: Tomahawk          |       |     2 ||     2
 Abil: Spit Poison       |     8 |    13 ||    21
  Use: Potion            |       |     3 ||     3
 Stab: Distracted        |       |     1 ||     1
  Eat: Chunk             |     3 |     4 ||     7
Armor: Leather armour    |    27 |    19 ||    46
Dodge: Dodged            |    62 |    33 ||    95
Block: Buckler           |     5 |     9 ||    14

Table legend:
 A = Non-vault XP
 B = Vault XP
 C = Vault XP percentage of total XP
 D = Non-vault monster count
 E = Vault monster count
 F = Vault count percentage of total count
                 A         B        C        D         E       F
            +---------+---------+-------+---------+---------+-------
      Total |     181 |      54 |  23.0 |      41 |       7 |  14.6
            +---------+---------+-------+---------+---------+-------
        D:1 |      14 |       0 |   0.0 |      10 |       0 |   0.0
        D:2 |      60 |      53 |  46.9 |      16 |       6 |  27.3
        D:3 |      45 |       1 |   2.2 |      13 |       1 |   7.1
        D:4 |      62 |       0 |   0.0 |       2 |       0 |   0.0
            +---------+---------+-------+---------+---------+-------
